 Dungeon Crawl Stone Soup version 0.25-a0-589-g1e14c549ee (webtiles) character file.

Game seed: 15231357188734477721, levelgen mode: deterministic

10518 GenChuck the Spear-Bearer (level 11, -12/87 HPs)
             Began as a Demonspawn Fighter on Mar 10, 2020.
             Was a High Priest of Makhleb.
             Mangled by Snorg (19 damage)
             ... on level 10 of the Dungeon on Mar 12, 2020.
             The game lasted 02:36:58 (16378 turns).

GenChuck the Spear-Bearer (Demonspawn Fighter)     Turns: 16378, Time: 02:36:59

Health: -12/87     AC: 10    Str: 20    XL:     11   Next: 37%
Magic:  11/11      EV: 22    Int:  9    God:    Makhleb [*****.]
Gold:   751        SH: 10    Dex: 13    Spells: 10/10 levels left

rFire    + + +     SeeInvis .   D - +5 spear (venom)
rCold    + + .     Gourm    .   c - +1 kite shield
rNeg     . . .     Faith    .   b - +1 scale mail
rPois    .         Spirit   .   (helmet restricted)
rElec    .         Reflect  .   (no cloak)
rCorr    .         Harm     .   (no gloves)
MR       +....                  (no boots)
Stlth    +.........             n - amulet of the Republic {Acrobat Fragile rF++ rC+ Stlth+}
HPRegen  0.24/turn              t - ring of protection from cold
MPRegen  0.12/turn              y - ring of protection from magic

@: lethally poisoned (-12 -> -13), about to teleport, acrobat
A: horns 2, slimy green scales 2, fire resistance 1, flame cloud immunity
a: Minor Destruction, Lesser Servant of Makhleb, Major Destruction, Greater
Servant of Makhleb, Renounce Religion


You were on level 10 of the Dungeon.
You worshipped Makhleb.
Makhleb was extremely pleased with you.
You were not hungry.

You visited 3 branches of the dungeon, and saw 15 of its levels.
You also visited: Sewer.

You collected 751 gold pieces.

Inventory:

Hand Weapons
 a - a +0 war axe
 r - a +1 flail of protection
 B - a +2 spear of venom
 D - a +5 spear of venom (weapon)
 N - a +1 antimagic halberd
 T - a +2 vorpal hand axe
Missiles
 L - 5 poisoned darts (quivered)
Armour
 b - a +1 scale mail (worn)
 c - a +1 kite shield (worn)
 u - a cursed +0 pair of gloves
 z - a +3 leather armour
 F - a +0 troll leather armour
Magical Staves
 Q - an uncursed staff of earth {unknown}
Jewellery
 m - an uncursed ring of see invisible {unknown}
 n - the amulet of the Republic (around neck) {Acrobat Fragile rF++ rC+ Stlth+}
   (You found it on level 8 of the Dungeon)

   [amulet of the acrobat]

   It helps you evade while moving and waiting.
   It greatly protects you from fire.
   It protects you from cold.
   It will be destroyed if unequipped.
   It makes you more stealthy.
 t - a ring of protection from cold (left hand)
 y - a ring of protection from magic (right hand)
 E - an uncursed ring of poison resistance {unknown}
Wands
 H - a wand of random effects (10)
 J - a wand of paralysis (7)
 M - a wand of disintegration (7)
 O - a wand of flame (17)
Scrolls
 g - 9 scrolls of remove curse
 h - 2 scrolls of teleportation
 i - 3 scrolls of blinking
 j - 5 scrolls of fog
 w - 2 scrolls of enchant weapon
 A - a scroll of fear
 C - a scroll of summoning
 G - 2 scrolls of enchant armour
 P - 2 scrolls of magic mapping
Potions
 d - 2 potions of might
 e - 3 potions of stabbing {unknown}
 k - a potion of curing
 l - a potion of berserk rage {unknown}
 o - 2 potions of haste {unknown}
 p - 6 potions of flight
 q - 2 potions of ambrosia {unknown}
 s - a potion of mutation {unknown}
 x - 2 potions of heal wounds {unknown}
 I - a potion of magic {unknown}
 K - a potion of brilliance {unknown}
Miscellaneous
 R - a lamp of fire
Comestibles
 f - 21 rations


   Skills:
 + Level 8.4 Fighting
 - Level 7.5(10.9) Axes
 - Level 7.8(9.2) Maces & Flails
 * Level 10.0(11.0) Polearms
 + Level 1.7 Throwing
 - Level 3.0 Armour
 - Level 3.0 Shields
 + Level 0.4 Invocations


You had 10 spell levels left.
You didn't know any spells.
Your spell library contained the following spells:

 Spells                   Type           Power        Failure   Level  Hunger
 Apportation              Tloc           #.....       99%         1    ##.....
 Summon Butterflies       Summ           #.......     99%         1    ##.....
 Lesser Beckoning         Tloc           #.........   100%        3    ####...
 Tukima's Dance           Hex            #.......     100%        3    ####...
 Alistair's Intoxication  Tmut/Pois      #.......     100%        5    ######.
 Invisibility             Hex            #.......     100%        6    #######


Dungeon Overview and Level Annotations

Branches:
Dungeon (11/15)            Temple (1/1) D:4            Lair (3/6) D:9
  Sewer (visited)
  Swamp: Lair:2-4    Shoals: Lair:2-4     Snake: Lair:2-4    Spider: Lair:2-4
    Orc: D:9-12

Altars:
Ashenzari
Cheibriados
Dithmenos
Elyvilon
Fedhas
Gozag
Hepliaklqana
Kikubaaqudgha
Makhleb
Nemelex Xobeh
Okawaru
Qazlal
Ru
Sif Muna
Trog
Uskayaw
Vehumet
Wu Jian
Xom
Yredelemnul
Zin
The Shining One

Annotations:
D:5 1 runed translucent door, daodarkstar's ghost, novice GrFi
D:10 Snorg


Innate Abilities, Weirdness & Mutations

You have a pair of horns on your head.
You are mostly covered in slimy green scales. (AC +3)
Your flesh is heat resistant. (rF+)
You are immune to clouds of flame.


Message History

You block Snorg's attack. Snorg claws you. Snorg closely misses you.
You feel sick. Snorg misses you. Snorg claws you!
* * * LOW HITPOINT WARNING * * *
Snorg claws you.
* * * LOW HITPOINT WARNING * * *
There is an open door, spattered with blood here.
What are your orders? t - Shout!
Orders for allies: a - Attack new target. p - Attack previous target. r - Retreat! s - Stop attacking. g - Guard the area. f - Follow me.
Anything else - Cancel.
Okay, then.
As you read the scroll of teleportation, it crumbles to dust.
You feel strangely unstable. You block Snorg's attack. Snorg claws you.
* * * LOW HITPOINT WARNING * * *
Snorg closely misses you. Snorg bites you!!
You die...

##### #.......# #.........
###.##### ######..## ###### ##.#
#####....### .....# #..#
#.......<... .....# ####'######
#........... .....###...).....#
#........... .......#.........#
#........... .....#.รท.........#
#...........
.....###........@#####...........
.....# #.........T..##......)...>
.....# #.........##..'...........
.....# #.........#####...........
.....# #..<......# #...........
.....# ########### #...........
.....# #........... .....#
############ ######


You could see Snorg (berserk).

Vanquished Creatures
  A cyclops (D:10)
  Psyche (D:8)
  A spiny frog (Lair:1)
  A black mamba (Lair:1)
  A komodo dragon (Lair:2)
  A troll (D:9)
  4 blink frogs (Lair:1)
  4 hippogriffs
  A wraith (D:10)
  6 yaks (Lair:2)
  Eustachio (D:6)
  3 water moccasins (Lair:2)
  3 porcupines (Lair:1)
  4 orc warriors
  4 sky beasts
  An ice beast (D:8)
  A phantom (D:5)
  2 necrophages (D:8)
  3 centaurs
  8 ogres
  2 wolves (D:9)
  A big kobold (Sewer)
  8 bullfrogs
  2 gnoll sergeants
  A wyvern skeleton (D:10)
  12 killer bees
  2 electric eels (D:9)
  A howler monkey (D:5)
  2 bullfrog zombies
  4 crimson imps
  A quasit (D:9)
  A jelly (D:6)
  8 hounds
  8 orc priests
  11 orc wizards
  2 centaur skeletons
  2 bullfrog skeletons
  4 iguanas
  5 worker ants
  2 killer bee zombies
  A hound zombie (D:9)
  A hound skeleton (D:6)
  A howler monkey zombie (D:6)
  12 gnolls
  15 adders
  4 shadow imps
  An ooze (D:7)
  2 adder zombies
  5 worms
  2 dart slugs
  7 leopard geckos
  42 orcs
  7 bats
  4 giant cockroaches
  13 goblins
  5 hobgoblins
  4 jackals
  14 kobolds
  4 quokkas
  13 ball pythons
  11 frilled lizards
  2 jackal skeletons
  A leopard gecko skeleton (D:5)
  A quokka skeleton (D:7)
  15 rats
317 creatures vanquished.

Vanquished Creatures (collateral kills)
  A komodo dragon (Lair:1)
1 creature vanquished.

Grand Total: 318 creatures vanquished

Notes
Turn   | Place    | Note
-------+----------+-------------------------------------------
     0 | D:1      | GenChuck the Demonspawn Fighter began the quest for the
                  | Orb.
     0 | D:1      | Reached XP level 1. HP: 18/18 MP: 1/1
   279 | D:1      | Gained mutation: You have a pair of small horns on your
                  | head. [demonic ancestry]
   279 | D:1      | Reached XP level 2. HP: 24/24 MP: 2/2
   889 | D:2      | Gained mutation: You have a pair of horns on your head.
                  | [demonic ancestry]
   889 | D:2      | Reached XP level 3. HP: 29/29 MP: 3/3
  1219 | D:2      | Found a blossoming altar of Fedhas.
  1223 | D:2      | Found a burning altar of Makhleb.
  1225 | D:2      | Found a shimmering blue altar of Sif Muna.
  1226 | D:2      | Found a bloodstained altar of Trog.
  1226 | D:2      | Found an ornate altar of the Wu Jian Council.
  1226 | D:2      | Found a radiant altar of Vehumet.
  1226 | D:2      | Found a sparkling altar of Nemelex Xobeh.
  1226 | D:2      | Found a snail-covered altar of Cheibriados.
  1227 | D:2      | Found a glowing silver altar of Zin.
  1229 | D:2      | Found a stormy altar of Qazlal.
  1230 | D:2      | Found a white marble altar of Elyvilon.
  1231 | D:2      | Found an iron altar of Okawaru.
  1253 | D:2      | Became a worshipper of Makhleb the Destroyer
  1377 | D:2      | Gained mutation: You are partially covered in slimy green
                  | scales. (AC +2) [demonic ancestry]
  1377 | D:2      | Reached XP level 4. HP: 34/35 MP: 4/4
  2012 | D:3      | Reached * piety under Makhleb
  2853 | D:4      | Noticed an ogre
  2860 | D:4      | Killed an ogre
  2860 | D:4      | Gained mutation: Your flesh is heat resistant. (rF+)
                  | [demonic ancestry]
  2860 | D:4      | Reached XP level 5. HP: 31/41 MP: 5/5
  2951 | D:4      | Found a staircase to the Ecumenical Temple.
  3058 | D:4      | Noticed an ogre
  3062 | D:4      | Killed an ogre
  3062 | D:4      | Reached skill level 5 in Axes
  3062 | D:4      | Gained mutation: You are immune to clouds of flame.
                  | [demonic ancestry]
  3062 | D:4      | Reached XP level 6. HP: 40/47 MP: 6/6
  3769 | D:4      | Reached ** piety under Makhleb
  4272 | Temple   | Entered the Ecumenical Temple
  4599 | D:5      | Entered Level 5 of the Dungeon
  4754 | D:5      | Noticed a sky beast
  4845 | D:5      | Reached XP level 7. HP: 30/52 MP: 7/7
  5393 | D:5      | Reached skill level 1 in Maces & Flails
  5549 | D:5      | Found a runed translucent door.
  5550 | D:5      | Noticed daodarkstar's ghost (novice GrFi)
  5694 | D:5      | Reached XP level 8. HP: 41/58 MP: 8/8
  6196 | D:6      | Noticed Eustachio
  6218 | D:6      | Reached *** piety under Makhleb
  6288 | D:6      | Killed Eustachio
  6288 | D:6      | Reached skill level 5 in Maces & Flails
  6791 | D:6      | Found a glowing drain.
  6807 | Sewer    | Entered a sewer
  7085 | Sewer    | Found a white marble altar of Elyvilon.
  7461 | D:6      | Gained mutation: You are mostly covered in slimy green
                  | scales. (AC +3) [demonic ancestry]
  7461 | D:6      | Reached XP level 9. HP: 60/66 MP: 9/9
  7694 | D:7      | Reached **** piety under Makhleb
  7759 | D:7      | Reached skill level 5 in Fighting
  8799 | D:8      | Reached skill level 1 in Polearms
  8893 | D:8      | Got a brightly glowing brass amulet
  8894 | D:8      | Identified the amulet of the Republic {Acrobat Fragile rF++
                  | rC+ Stlth+} (You found it on level 8 of the Dungeon)
  8939 | D:8      | Noticed Psyche
  9249 | D:8      | Reached skill level 2 in Polearms
  9471 | D:8      | Killed Psyche
  9471 | D:8      | Reached skill level 3 in Polearms
  9574 | D:8      | Reached skill level 4 in Polearms
 10384 | D:9      | Noticed a troll
 10402 | D:9      | Killed a troll
 10402 | D:9      | Reached XP level 10. HP: 70/75 MP: 10/10
 10419 | D:9      | Found a staircase to the Lair.
 10770 | D:9      | Reached skill level 5 in Polearms
 11491 | D:9      | Reached skill level 6 in Polearms
 11749 | Lair:1   | Entered Level 1 of the Lair of Beasts
 11900 | Lair:1   | Reached skill level 7 in Polearms
 11950 | Lair:1   | Noticed a spiny frog
 11968 | Lair:1   | Killed a spiny frog
 11968 | Lair:1   | Reached ***** piety under Makhleb
 12012 | Lair:1   | HP: 3/79 [poisoned by a spiny frog]
 12364 | Lair:1   | Reached skill level 8 in Polearms
 12698 | Lair:1   | Noticed a black mamba
 12709 | Lair:1   | Killed a black mamba
 13400 | Lair:2   | Reached skill level 9 in Polearms
 13407 | Lair:2   | Reached XP level 11. HP: 44/86 MP: 11/11
 14164 | Lair:3   | Noticed an eight-headed hydra
 14682 | D:10     | Entered Level 10 of the Dungeon
 14976 | D:10     | Reached skill level 1 in Throwing
 16109 | D:11     | Noticed Snorg
 16144 | D:10     | Reached skill level 10 in Polearms
 16378 | D:10     | Mangled by Snorg

Levels and vault maps discovered:
D:1:      minmay_arrival_nine_rooms, layout_loops_ring
D:2:      layout_loops_ring, minitemple, minmay_lizard_king
D:3:      layout_basic
D:4:      minmay_evil_eye, layout_loops_ring, minmay_temple_entry_slanted,
          minmay_snake_closets
D:5:      layout_basic, first_ration, ebering_ghost_reflecting_pool
D:6:      layout_cave_pools, cheibrodos_sewer_entry_bend, uniq_eustachio
D:7:      layout_loops_ring
D:8:      layout_gridville, uniq_psyche
D:9:      layout_basic, erik_lair_island
D:10:     layout_roguey, kennysheep_another_room
D:11:     layout_cave_pools, david_orc_4, serial_shops, shop, uniq_snorg,
          uniq_erica
Temple:   jpeg_temple_alley_garden
Lair:1:   layout_cave_shapes
Lair:2:   layout_regular_city, infiniplex_staircase_pool, lemuel_fruit_fields
Lair:3:   layout_hall_layers, nicolae_spider_entry_non_spiders

Skill      XL: |  1  2  3  4  5  6  7  8  9 10 11 |
---------------+----------------------------------+-----
Axes           | 2 3 4 5 6 7 |  7.5
Shields        | 3 |  3.0
Armour         | 3 |  3.0
Maces & Flails | 3 6 7 |  7.8
Fighting       | 4 6 7 8 |  8.4
Polearms       | 4 9 10 | 10.0
Throwing       | 1 |  1.7
Invocations    | |  0.4

Action                   |  1- 3 |  4- 6 |  7- 9 | 10-12 || total
-------------------------+-------+-------+-------+-------++-------
Melee: War axe           |   112 |   198 |     7 |       ||   317
       Headbutt          |    13 |    30 |   108 |    70 ||   221
       Flail             |       |       |   415 |       ||   415
       Spear             |       |       |   115 |   404 ||   519
Throw: Dart              |       |       |       |    24 ||    24
Invok: Lesser Servant of |       |       |       |     2 ||     2
  Use: Scroll            |       |    11 |     8 |     8 ||    27
       Potion            |       |       |     2 |     5 ||     7
 Stab: Sleeping          |       |       |       |     1 ||     1
  Eat: Chunk             |     2 |     5 |     8 |     8 ||    23
       Ration            |       |     2 |     3 |     3 ||     8
Armor: Scale mail        |    45 |    69 |   258 |   106 ||   478
Dodge: Dodged            |    32 |    47 |   130 |   123 ||   332
Block: Kite shield       |    53 |    78 |   270 |   152 ||   553

Table legend:
 A = Non-vault XP
 B = Vault XP
 C = Vault XP percentage of total XP
 D = Non-vault monster count
 E = Vault monster count
 F = Vault count percentage of total count
                 A         B        C        D         E       F
            +---------+---------+-------+---------+---------+-------
      Total |   13468 |    1558 |  10.4 |     277 |      41 |  12.9
            +---------+---------+-------+---------+---------+-------
        D:1 |      40 |       0 |   0.0 |      21 |       0 |   0.0
        D:2 |      73 |       9 |  11.0 |      23 |       7 |  23.3
        D:3 |      54 |       0 |   0.0 |      26 |       0 |   0.0
        D:4 |     315 |      56 |  15.1 |      10 |      13 |  56.5
        D:5 |    1124 |       0 |   0.0 |      34 |       0 |   0.0
        D:6 |     821 |     201 |  19.7 |      27 |       2 |   6.9
        D:7 |     975 |       0 |   0.0 |      29 |       0 |   0.0
        D:8 |    1092 |     448 |  29.1 |      18 |       1 |   5.3
        D:9 |    1085 |     737 |  40.5 |      31 |       8 |  20.5
       D:10 |    2604 |       0 |   0.0 |      33 |       0 |   0.0
       D:11 |      63 |       0 |   0.0 |       1 |       0 |   0.0
     Lair:1 |    2870 |       0 |   0.0 |      12 |       0 |   0.0
     Lair:2 |    2352 |       0 |   0.0 |      12 |       0 |   0.0
      Sewer |       0 |     107 | 100.0 |       0 |      10 | 100.0
            +---------+---------+-------+---------+---------+-------
